 Dungeon Crawl Stone Soup version 0.30-a0-760-g5a9884bb7c (webtiles) character file.

Game seed: 15313505846229157449

34 pokeman the Magician (level 3, -3/20 HPs)
             Began as a Deep Elf Hedge Wizard on Feb 11, 2023.
             Slain by Sigmund
             ... wielding a +2 scythe of protection
              (6 damage)
             ... on level 2 of the Dungeon.
             The game lasted 00:02:43 (1713 turns).

pokeman the Magician (Deep Elf Hedge Wizard)        Turns: 1713, Time: 00:02:44

Health: -3/20      AC:  3    Str:  7    XL:     3   Next: 14%
Magic:  3/11       EV: 12    Int: 20    God:
Gold:   101        SH:  0    Dex: 14    Spells: 4/12 levels left

rFire   . . .      SeeInvis .    h - +0 whip (vamp)
rCold   . . .      Faith    .    (no shield)
rNeg    . . .      Spirit   .    b - +0 robe
rPois   .          Reflect  .    c - +0 hat
rElec   .          Harm     .    (no cloak)
rCorr   +          Rampage  .    i - +0 pair of gloves
Will    .....                    (no boots)
Stlth   ++                       y - amulet of magic regeneration
HPRegen 0.23/turn                j - ring of resist corrosion
MPRegen 0.52/turn                (no ring)

@: lethally poisoned (-3 -> -5), very slightly contaminated
A: no striking features
a: no special abilities


You were on level 2 of the Dungeon.
You visited 1 branch of the dungeon, and saw 2 of its levels.

You collected 101 gold pieces.

Inventory:

Hand Weapons
 h - a +0 vampiric whip (weapon)
Armour
 b - a +0 robe (worn)
 c - a +0 hat (worn)
 i - a +0 pair of gloves (worn)
Jewellery
 j - a ring of resist corrosion (left hand)
 y - an amulet of magic regeneration (around neck)
Scrolls
 a - 3 scrolls of blinking {unknown}
 e - a scroll of poison {unknown}
 f - a scroll of teleportation {unknown}
 g - a scroll of amnesia {unknown}
 k - a scroll of silence {unknown}
 m - a scroll of magic mapping {unknown}
 n - a scroll of immolation {unknown}
 o - a scroll of vulnerability {unknown}
 p - 3 scrolls of brand weapon {unknown}
 s - 3 scrolls of acquirement {unknown}
 t - a scroll of fear {unknown}
 x - a scroll of enchant weapon {unknown}
Potions
 d - a potion of magic
 l - 3 potions of might {unknown}
 q - a potion of degeneration {unknown}
 r - a potion of curing {unknown}
 u - a potion of cancellation {unknown}
 v - a potion of heal wounds {unknown}
 w - a potion of brilliance {unknown}


   Skills:
 + Level 0.7 Fighting
 + Level 0.8 Armour
 - Level 2.4 Dodging
 - Level 2.4 Stealth
 * Level 5.1 Spellcasting
 + Level 1.7 Conjurations
 - Level 1.1 Summonings
 - Level 1.1 Translocations


You had 4 spell levels left.
You knew the following spells:

 Your Spells              Type           Power      Damage    Failure   Level
a - Magic Dart            Conj           48%        1d5       5%          1
b - Mephitic Cloud        Conj/Pois/Air  7%         N/A       26%         3
c - Call Imp              Summ           9%         N/A       11%         2
d - Blink                 Tloc           18%        N/A       11%         2

Your spell library contained the following spells:

 Spells                   Type           Power      Damage    Failure   Level
 Kiss of Death            Conj/Necr      32%        2d7       8%          1
 Slow                     Hex            20%        N/A       12%         1
 Cigotuvi's Dreadful Rot  Necr/Pois/Air  10%        N/A       17%         2
 Confusing Touch          Hex            5%         N/A       34%         3
 Dispel Undead            Necr           5%         3d7       75%         4


Dungeon Overview and Level Annotations

Branches:
Dungeon (2/15)

Altars:

Annotations:
D:2 Sigmund


Message History

Sigmund seems less confused.
Sigmund points at you and mumbles some strange words.
The puff of flame misses you.
Sigmund says, "Look into my eyes."
Sigmund closely misses you.
Casting: Mephitic Cloud (extremely dangerous; 26% risk of failure)
Confirm with . or Enter, or press ? or * to list all spells.
The spell is extremely dangerous to miscast (26% risk of failure)!
Continue anyway?
Aiming: Mephitic Cloud (extremely dangerous; 26% risk of failure)
Press: ? - help, Shift-Dir - straight line, f/p - Sigmund
Aim: Sigmund, wielding a +2 scythe of protection and wearing a +0 robe (almost dead, chance to affect: 86%)
You miscast Mephitic Cloud.
You are very lightly contaminated with residual magic.
Nothing appears to happen.
Casting: Mephitic Cloud (extremely dangerous; 26% risk of failure)
Confirm with . or Enter, or press ? or * to list all spells.
The spell is extremely dangerous to miscast (26% risk of failure)!
Continue anyway?
Aiming: Mephitic Cloud (extremely dangerous; 26% risk of failure)
Press: ? - help, Shift-Dir - straight line, f/p - Sigmund
Aim: Sigmund, wielding a +2 scythe of protection and wearing a +0 robe (almost dead, chance to affect: 86%)
You miscast Mephitic Cloud.
You feel rather nauseous for a moment!
You are poisoned.
Ouch! That really hurt!
* * * LOW HITPOINT WARNING * * *
x2 You feel sick.
Sigmund completely misses you.
Casting: Mephitic Cloud (extremely dangerous; 26% risk of failure)
Confirm with . or Enter, or press ? or * to list all spells.
The spell is extremely dangerous to miscast (26% risk of failure)!
Continue anyway?
Aiming: Mephitic Cloud (extremely dangerous; 26% risk of failure)
Press: ? - help, Shift-Dir - straight line, f/p - Sigmund
Aim: Sigmund, wielding a +2 scythe of protection and wearing a +0 robe (almost dead, chance to affect: 86%)
The ball explodes into a vile cloud!
The stinking cloud engulfs Sigmund but does no damage.
Sigmund is almost dead.
The stinking cloud engulfs the worm but does no damage.
The worm is moderately wounded.
* * * LOW HITPOINT WARNING * * *
You feel sick.
Sigmund is engulfed in noxious fumes.
Sigmund hits you from afar with a +2 scythe of protection.
You die...

#### #......<...# .# .....
#..........# .. .....
#...>......# ..
.....####..........# .#
...................# .# .
#........###..####
.####... ###.##..####
#....###### ........
...##..# #.##.#..... <.##
##.#..@# #.##....... ...#
###....#.# #...#......
...# #....###@#
###.#..>... ...# #.##.#
#w# #.#...... ...# .. #..
#.# ###........ ...# ##
##..#.. #.......... ...#
#. #.... ##.##.......
.....
#.#######..####..#........
......
.......#.............####


You could see Sigmund and a worm.

Vanquished Creatures
  2 ball pythons (D:1)
  2 endoplasms (D:2)
  2 giant cockroaches
  4 hobgoblins
  4 kobolds (D:1)
  A quokka (D:2)
  6 bats
  2 frilled lizards (D:2)
  2 goblins (D:1)
  6 rats
31 creatures vanquished.

Notes
Turn   | Place    | Note
-------+----------+-------------------------------------------
     0 | D:1      | pokeman the Deep Elf Hedge Wizard began the quest for the
                  | Orb.
     0 | D:1      | Reached XP level 1. HP: 10/10 MP: 7/7
   384 | D:1      | Reached XP level 2. HP: 15/15 MP: 7/9
  1042 | D:1      | Found a faded altar of an unknown god.
  1139 | D:2      | Reached skill level 5 in Spellcasting
  1313 | D:2      | Reached XP level 3. HP: 20/20 MP: 8/11
  1317 | D:2      | Learned a level 3 spell: Mephitic Cloud
  1320 | D:2      | Learned a level 2 spell: Call Imp
  1323 | D:2      | Learned a level 2 spell: Blink
  1679 | D:2      | Noticed Sigmund
  1713 | D:2      | Slain by Sigmund

Illustrated notes

Levels and vault maps discovered:
D:1:      minmay_arrival_glassed_features, layout_loops_ring,
          shapermc_ecumenical_altar_petra
D:2:      layout_rooms, uniq_sigmund

Skill      XL: |  1  2 |
---------------+-------+-----
Spellcasting   | 5 |  5.1
Fighting       | |  0.7
Armour         | |  0.8
Dodging        | |  2.4
Stealth        | |  2.4
Conjurations   | |  1.7
Summonings     | |  1.1
Translocations | |  1.1

Action                     || total
---------------------------++-------
  Melee: Whip              ||    11
         Punch             ||     1
   Cast: Magic Dart        ||    83
         Mephitic Cloud    ||     3
         Call Imp          ||     1
   Stab: Confused          ||     1
 Armour: Robe              ||     8
  Dodge: Dodged            ||    24

Table legend: (Time is in decaauts)
 A = Elapsed time spent in this place.
 B = Non-inter-level travel time spent in this place.
 C = Inter-level travel time spent in this place.
 D = Time resting spent in this place.
 E = Time spent auto-exploring this place.
 F = Levels seen in this place.
 G = Mean time per level.
                   A        B        C        D        E       F      G
               +--------+--------+--------+--------+--------+-----+--------+
         Total |   1712 |   1696 |     16 |    116 |   1367 |   2 |  856.0 |
       Dungeon |   1712 |   1696 |     16 |    116 |   1367 |   2 |  856.0 |
               +--------+--------+--------+--------+--------+-----+--------+

Top non-repeatable levels by time:
     D:1: 1134 daAuts
     D:2: 578 daAuts
